 Dungeon Crawl Stone Soup version 0.30-a0-605-gb2882149bf (webtiles) character file.

Game seed: 9216461705627247491

67 wormed the Changer (level 4, 0/28 HPs)
             Began as an Octopode Transmuter on Jan 8, 2023.
             Killed from afar by an orc wizard (11 damage)
             ... with a puff of flame
             ... on level 3 of the Dungeon.
             The game lasted 00:02:22 (1569 turns).

wormed the Changer (Octopode Transmuter)            Turns: 1569, Time: 00:02:23

Health: 0/28       AC:  1    Str:  9    XL:     4   Next: 16%
Magic:  4/7        EV: 13    Int: 17    God:
Gold:   109        SH:  0    Dex: 12    Spells: 1/8 levels left

rFire   . . .      SeeInvis .      - Unarmed
rCold   . . .      Faith    .    (no shield)
rNeg    . . .      Spirit   .    (helmet currently unavailable)
rPois   .          Reflect  .    (no amulet)
rElec   .          Harm     .    (no ring)
rCorr   .          Rampage  .    (no ring)
Will    .....                    (no ring)
Stlth   ++                       (no ring)
HPRegen 0.24/turn                (no ring)
MPRegen 0.10/turn                (no ring)
                                 (no ring)
                                 (no ring)

@: appendages, wereblooded
A: tentacle spike 3, almost no armour, amphibious, 8 rings, camouflage 1,
gelatinous body 1, (nimble swimmer 1), tentacles
a: End Transformation


You were on level 3 of the Dungeon.
One of your tentacles had grown a beastly spike.
You visited 1 branch of the dungeon, and saw 3 of its levels.

You collected 109 gold pieces.

Inventory:

Scrolls
 b - a scroll of vulnerability {unknown}
 f - a scroll of enchant armour
 g - a scroll of fear
Potions
 a - a potion of lignification
 c - a potion of invisibility
 e - 2 potions of mutation {unknown}


   Skills:
 - Level 1.0 Fighting
 - Level 2.0 Dodging
 - Level 3.0 Unarmed Combat
 + Level 2.5 Spellcasting
 * Level 3.4 Transmutations
 + Level 1.5 Ice Magic


You had one spell level left.
You knew the following spells:

 Your Spells              Type           Power      Damage    Failure   Level
a - Beastly Appendage     Tmut           26%        N/A       4%          1
b - Wereblood             Tmut           13%        N/A       7%          2
c - Ice Form              Ice/Tmut       10%        N/A       54%         4

Your spell library contained the following spells:

 Spells                   Type           Power      Damage    Failure   Level
 Spider Form              Tmut/Pois      7%         N/A       26%         3
 Sublimation of Blood     Necr           2%         N/A       28%         2
 Summon Ice Beast         Ice/Summ       4%         N/A       80%         4
 Summon Mana Viper        Hex/Summ       2%         N/A       99%         5
 Monstrous Menagerie      Summ           1%         N/A       100%        7
 Summon Hydra             Summ           1%         N/A       100%        7


Dungeon Overview and Level Annotations

Branches:
Dungeon (3/15)

Altars:
Ru


Innate Abilities, Weirdness & Mutations

One of your tentacles has grown a beastly spike.
You cannot wear most types of armour.
You are amphibious.
You can wear up to eight rings at the same time.
Your skin changes colour to match your surroundings (Stealth+).
Your rubbery body absorbs attacks. (AC +1, EV +1)
((You are camouflaged when in or above water. (Stealth+)))
You have tentacles for arms and can constrict up to eight enemies at once.


Message History

There is a stone staircase leading up here.
Casting: Wereblood (safe; 7% risk of failure)
Confirm with . or Enter, or press ? or * to list all spells.
One of your tentacles grows a vicious spike.
Casting: Beastly Appendage (safe; 4% risk of failure)
Confirm with . or Enter, or press ? or * to list all spells.
Your blood is infused with primal strength.
Found a book of Beasts.
Found a scroll labelled IQAMMA HOAJ USOR.
You pick up a book of Blood and begin reading...
You add the spells Sublimation of Blood and Summon Hydra to your library.
Your transformation is almost over.
You pick up a book of Beasts and begin reading...
You add the spells Summon Ice Beast, Summon Mana Viper and Monstrous Menagerie to your library.
Your primal bloodlust is almost over.
b - a scroll labelled IQAMMA HOAJ USOR Your tentacle spike disappears.
Your primal bloodlust has ended.
Magic restored.
An orc wizard is nearby!
Casting: Wereblood (safe; 7% risk of failure)
Confirm with . or Enter, or press ? or * to list all spells.
One of your tentacles grows a vicious spike.
The orc wizard shouts!
You hear an angry hiss.
The orc wizard points at you and mumbles some strange words.
The magic dart hits you.
Casting: Beastly Appendage (safe; 4% risk of failure)
Confirm with . or Enter, or press ? or * to list all spells.
Your blood is infused with primal strength.
A hobgoblin comes into view.
The orc wizard points at you and mumbles some strange words.
The puff of flame hits you!
The orc wizard casts a spell.
The orc wizard flickers and vanishes!
Deactivating autopickup; reactivate with Ctrl-A.
A frilled lizard comes into view.
The hobgoblin shouts!
A puff of flame appears from out of thin air!
The puff of flame hits you!
You die...

#..............#.
#.................
###...............
#.#####..........
########.#####..........
.........##....########
#########.........#
#........?#
#######@........#
..............###
..............#
.....{........#
..............#
.....g........#
..l........####
.....####### .....#<)..#


You could see a hobgoblin and a frilled lizard.

Vanquished Creatures
  2 adders
  An orc (D:3)
  4 endoplasms
  3 giant cockroaches (D:2)
  5 goblins
  6 hobgoblins
  2 quokkas (D:1)
  5 ball pythons
  4 bats (D:1)
  A frilled lizard (D:2)
  7 kobolds
  3 rats
43 creatures vanquished.

Notes
Turn   | Place    | Note
-------+----------+-------------------------------------------
     0 | D:1      | wormed the Octopode Transmuter began the quest for the Orb.
     0 | D:1      | Reached XP level 1. HP: 13/13 MP: 3/3
   102 | D:1      | Reached XP level 2. HP: 18/18 MP: 3/5
   347 | D:1      | Reached skill level 1 in Ice Magic
   447 | D:1      | Reached XP level 3. HP: 23/23 MP: 4/6
   450 | D:1      | Learned a level 2 spell: Wereblood
  1073 | D:2      | Found a sacrificial altar of Ru.
  1448 | D:3      | Reached XP level 4. HP: 26/28 MP: 3/7
  1453 | D:3      | Learned a level 4 spell: Ice Form
  1569 | D:3      | Killed from afar by an orc wizard

Illustrated notes

Levels and vault maps discovered:
D:1:      dpeg_arrival_simpleton_b, layout_rooms, serial_curves, eino_curves_01,
          eino_curves_02, nicolae_figureground_sparkle
D:2:      cheibrodos_old_hovel, layout_basic, basic_altar
D:3:      layout_basic, hellmonk_ecumenical_altar_leap_of_faith,
          gup_sewer_entry_glass, chequers_serial_rivers_room_a, minivault_24,
          serial_bayou_ford_a

Skill      XL: |  1  2  3 |
---------------+----------+-----
Ice Magic      | 1 |  1.5
Transmutations | 3 |  3.4
Fighting       | |  1.0
Dodging        | |  2.0
Unarmed Combat | |  3.0
Spellcasting   | |  2.5

Action                   |  1- 3 |  4- 6 || total
-------------------------+-------+-------++-------
Melee: Unarmed           |    76 |     1 ||    77
       Kick              |    20 |       ||    20
       Constrict         |    16 |     1 ||    17
       Tentacles         |    14 |     1 ||    15
 Cast: Beastly Appendage |    25 |     3 ||    28
       Wereblood         |    12 |     2 ||    14
  Use: Scroll            |     4 |       ||     4
 Stab: Sleeping          |     3 |       ||     3
Armor: Skin              |     6 |       ||     6
Dodge: Dodged            |    48 |       ||    48

Table legend: (Time is in decaauts)
 A = Elapsed time spent in this place.
 B = Non-inter-level travel time spent in this place.
 C = Inter-level travel time spent in this place.
 D = Time resting spent in this place.
 E = Time spent auto-exploring this place.
 F = Levels seen in this place.
 G = Mean time per level.
                   A        B        C        D        E       F      G
               +--------+--------+--------+--------+--------+-----+--------+
         Total |   1564 |   1499 |     65 |      0 |   1206 |   3 |  521.3 |
       Dungeon |   1564 |   1499 |     65 |      0 |   1206 |   3 |  521.3 |
               +--------+--------+--------+--------+--------+-----+--------+

Top non-repeatable levels by time:
     D:1: 787 daAuts
     D:2: 705 daAuts
     D:3: 71 daAuts
